 Dungeon Crawl Stone Soup version 0.23.1 (webtiles) character file.

Game seed: 14048345704924320968

1246 Marnok the Cudgeler (level 8, -1/84 HPs)
             Began as an Ogre Berserker on Mar 5, 2019.
             Was a Priest of Trog.
             Slain by guttsta's ghost (9 damage)
             ... on level 5 of the Dungeon.
             The game lasted 00:23:40 (4521 turns).

Marnok the Cudgeler (Ogre Berserker)                Turns: 4521, Time: 00:23:42

Health: -1/84      AC:  5    Str: 24    XL:     8   Next: 50%
Magic:  8/8        EV: 11    Int:  8    God:    Trog [***...]
Gold:   275        SH:  0    Dex:  8    Spells: 7/7 levels left

rFire    + . .     SeeInvis .   k - +3 mace (venom)
rCold    + . .     Gourm    .   (no shield)
rNeg     . . .     Faith    .   b - +2 animal skin
rPois    .         Spirit   .   (helmet restricted)
rElec    .         Reflect  .   r - scarf {rC+ rF+}
rCorr    .         Harm     .   (gloves unavailable)
MR       .....                  (boots unavailable)
Stlth    +.........             (no amulet)
HPRegen  0.24/turn              (no ring)
MPRegen  0.11/turn              (no ring)

@: confused, lethally poisoned (-1 -> -60), hasted, very quick
A: large, unfitting armour, tough skin 1
a: Berserk, Trog's Hand, Renounce Religion


You were on level 5 of the Dungeon.
You worshipped Trog.
Trog was most pleased with you.
You were not hungry.

You visited 1 branch of the dungeon, and saw 6 of its levels.

You collected 275 gold pieces.

Inventory:

Hand Weapons
 a - a +0 mace
 e - a +0 dagger
 i - a +3 whip
 k - a +3 mace of venom (weapon)
 l - a +3 falchion
 p - a +0 whip of freezing
Missiles
 u - 9 tomahawks (quivered)
Armour
 b - a +2 animal skin (worn)
 g - a +2 cloak
 r - a scarf of resistance (worn)
Wands
 q - a wand of enslavement (10)
Scrolls
 f - 4 scrolls of remove curse {unknown}
 m - a scroll of enchant armour
Potions
 d - 2 potions of brilliance
 h - a potion of haste
Comestibles
 c - 9 rations
 o - 2 chunks of flesh


   Skills:
 + Level 6.9 Fighting
 + Level 7.2 Maces & Flails
 + Level 4.9 Dodging
 + Level 1.8 Stealth


You had 7 spell levels left.
You didn't know any spells.
Your spell library contained the following spells:

 Spells                   Type           Power        Failure   Level  Hunger
 Animate Skeleton         Necr           N/A          41%         1    ##.....
 Apportation              Tloc           #.....       41%         1    ##.....
 Confusing Touch          Hex            #.....       41%         1    ##.....
 Summon Small Mammal      Summ           #...         41%         1    ##.....


Dungeon Overview and Level Annotations

Branches:
Dungeon (6/15)
 Temple: D:4-7

Altars:

Annotations:
D:5 guttsta's ghost, novice VSAs


Innate Abilities, Weirdness & Mutations

You are too large for most types of armour.
You have tough skin. (AC +1)


Message History

You hit guttsta's ghost but do no damage.
Guttsta's ghost is severely damaged.
* * * LOW HITPOINT WARNING * * *
You feel very sick. Guttsta's ghost hits you.
* * * LOW HITPOINT WARNING * * *
You are more poisoned.
It was a potion of haste.
You feel yourself speed up.
* * * LOW HITPOINT WARNING * * *
You feel very sick. Guttsta's ghost hits you.
* * * LOW HITPOINT WARNING * * *
You are more poisoned.
It was a potion of ambrosia.
You are confused.
You feel invigorated.
* * * LOW HITPOINT WARNING * * *
You feel very sick. Guttsta's ghost hits you!
You die...

###...### #.......# #.......#
#.......# #####...### #.......#
#.####.## ####.####.# #...@...#.#
###'W'###.## .. #(....♣.#..# ...
#.$(....##.# #.# #....(..##.#
##.. #((.....##.#######...
######## #..%(.(.##.##.. ...#.
#......###############.##.####.#.
#.###..........# #.##.##.....


You could see guttsta's ghost.

Vanquished Creatures
  Pikel (D:4)
  Duvessa (D:4)
  A slave (D:3)
  An ogre (D:3)
  A centaur (D:5)
  Dowan (D:4)
  2 crimson imps (D:5)
  A jelly (D:5)
  Terence (D:2)
  A bullfrog skeleton (D:5)
  2 iguanas (D:5)
  An orc wizard (D:4)
  3 worker ants
  Robin (D:2)
  7 adders
  3 worms
  2 dart slugs
  A leopard gecko (D:2)
  6 orcs
  A giant cockroach (D:1)
  19 goblins
  9 hobgoblins
  3 jackals (D:2)
  2 quokkas
  3 bats
  A frilled lizard (D:4)
  10 kobolds
  A quokka skeleton (D:4)
  3 rats
89 creatures vanquished.

Notes
Turn   | Place    | Note
-------+----------+-------------------------------------------
     0 | D:1      | Marnok the Ogre Berserker began the quest for the Orb.
     0 | D:1      | Reached XP level 1. HP: 24/24 MP: 1/1
   398 | D:1      | Reached XP level 2. HP: 11/32 MP: 2/2
   664 | D:1      | Reached skill level 3 in Maces & Flails
  1173 | D:2      | Noticed Robin
  1179 | D:2      | Reached XP level 3. HP: 31/40 MP: 3/3
  1193 | D:2      | Killed Robin
  1193 | D:2      | Reached ** piety under Trog
  1441 | D:2      | Reached XP level 4. HP: 43/49 MP: 4/4
  1910 | D:2      | Reached skill level 5 in Fighting
  1988 | D:2      | Noticed Terence
  1995 | D:2      | Reached XP level 5. HP: 44/57 MP: 5/5
  2025 | D:2      | Killed Terence
  2025 | D:2      | Reached skill level 4 in Maces & Flails
  3070 | D:3      | Noticed an ogre
  3084 | D:3      | Killed an ogre
  3084 | D:3      | Reached skill level 1 in Stealth
  3084 | D:3      | Reached XP level 6. HP: 64/66 MP: 6/6
  3165 | D:4      | Noticed a slave
  3166 | D:4      | Noticed Pikel
  3167 | D:4      | Noticed a slave
  3170 | D:4      | Noticed a slave
  3173 | D:4      | Noticed a slave
  3195 | D:3      | Killed a slave
  3550 | D:5      | Entered Level 5 of the Dungeon
  3777 | D:4      | Noticed Duvessa
  3778 | D:4      | Noticed Dowan
  3788 | D:4      | Killed Duvessa
  3788 | D:4      | Reached skill level 5 in Maces & Flails
  3788 | D:4      | Reached XP level 7. HP: 57/74 MP: 7/7
  3792 | D:4      | Killed Dowan
  3854 | D:4      | Killed Pikel
  3854 | D:4      | Reached *** piety under Trog
  3854 | D:4      | Reached skill level 6 in Maces & Flails
  3854 | D:4      | Reached XP level 8. HP: 42/84 MP: 8/8
  4261 | D:5      | Reached skill level 7 in Maces & Flails
  4500 | D:5      | Found a runed translucent gate.
  4500 | D:5      | Found a runed translucent gate.
  4500 | D:5      | Noticed guttsta's ghost (novice VSAs)
  4501 | D:5      | Found a runed translucent gate.
  4521 | D:5      | Slain by guttsta's ghost

Skill      XL: |  1  2  3  4  5  6  7  8 |
---------------+-------------------------+-----
Maces & Flails | 3 4 5 6 7 |  7.2
Dodging        | 3 4 |  4.9
Fighting       | 5 6 |  6.9
Stealth        | 1 |  1.8

Action                   |  1- 3 |  4- 6 |  7- 9 || total
-------------------------+-------+-------+-------++-------
Melee: Mace              |    42 |    59 |    75 ||   176
       Whip              |    47 |   108 |       ||   155
  Use: Potion            |     2 |     4 |     2 ||     8
       Scroll            |       |    11 |     1 ||    12
  Eat: Chunk             |     2 |     6 |     4 ||    12
Armor: Animal skin       |    22 |    46 |    20 ||    88
Dodge: Dodged            |    47 |    84 |    29 ||   160
